 Dungeon Crawl Stone Soup version 0.30.0-5-g1a98f26d00 (webtiles) character file.

Game seed: 17550678074684856308

44 SnakkuSnakku7 the Firebug (level 3, 0/18 HPs)
             Began as a Vine Stalker Fire Elementalist on May 13, 2023.
             Slain by a worm (6 damage)
             ... on level 2 of the Dungeon.
             The game lasted 00:01:42 (916 turns).

SnakkuSnakku7 the Firebug (VSFE)                     Turns: 916, Time: 00:01:43

Health: 0/18       AC:  3    Str: 12    XL:     3   Next: 62%
Magic:  0/7        EV: 12    Int: 15    God:
Gold:   67         SH:  0    Dex: 14    Spells: 5/6 levels left

rFire   . .          .
                       - Unarmed
rCold   . . .        (no shield)
rNeg    . . .        a - +0 robe
rPois   .            (no helmet)
rElec   .            (no cloak)
rCorr   .            (no gloves)
SInv    .            i - +0 pair of boots
Will    .....        (no amulet)
Stlth   ++           (no ring)
HPRegen 0.23/turn    (no ring)
MPRegen 0.10/turn

%: guardian spirit
@: no status effects
A: fangs 2, magic shield, antimagic bite, no potion heal 2
a: no special abilities


You were on level 2 of the Dungeon.
You visited 1 branch of the dungeon, and saw 2 of its levels.

You collected 67 gold pieces.

Inventory:

Armour
 a - a +0 robe (worn)
 i - a +0 pair of boots (worn)
Jewellery
 d - a +6 ring of dexterity
Scrolls
 e - a scroll of identify {unknown}
 g - a scroll of poison {unknown}
 h - a scroll of brand weapon {unknown}
Potions
 b - 2 potions of magic
 c - a potion of curing {unknown}
 f - 2 potions of might {unknown}


   Skills:
 + Level 1.9 Fighting
 - Level 1.5 Dodging
 - Level 2.4 Stealth
 + Level 2.1 Unarmed Combat
 - Level 2.1 Spellcasting
 - Level 1.0 Conjurations
 - Level 3.0 Fire Magic


You had 5 spell levels left.
You knew the following spells:

 Your Spells              Type           Power      Damage    Failure   Level
a - Foxfire               Conj/Fire      28%        2x1d5     10%         1

Your spell library contained the following spells:

 Spells                   Type           Power      Damage    Failure   Level
 Scorch                   Fire           20%        2d6       10%         2
 Cigotuvi's Dreadful Rot  Necr/Pois/Air  2%         N/A       32%         2
 Inner Flame              Hex/Fire       6%         N/A       34%         3
 Volatile Blastmotes      Fire/Tloc      12%        2d11      34%         3
 Ignite Poison            Fire/Tmut/Pois 4%         N/A       41%         3
 Flame Wave               Conj/Fire      7%         2d5       67%         4
 Freezing Cloud           Conj/Ice/Air   1%         6-21      99%         5


Dungeon Overview and Level Annotations

Branches:
Dungeon (2/15)

Altars:


Innate Abilities, Weirdness & Mutations

You have extremely sharp teeth.
When hurt, damage is shared between your health and your magic reserves.
Your bite disrupts and absorbs the magic of your enemies.
Potions cannot restore your health.


Message History

The worm is lightly wounded.
There is a stone staircase leading up here.
You climb upwards.
There is a stone staircase leading down here.
You start resting.
Magic restored.
You climb downwards.
The worm bites you.
There is a stone staircase leading up, spattered with blood here.
You hit the worm. You bite the worm, but do no damage.
The worm is lightly wounded.
You hit the worm but do no damage.
The worm is lightly wounded.
The worm barely misses you.
You hit the worm but do no damage.
The worm is lightly wounded.
You hit the worm but do no damage. Your bite misses the worm.
The worm is lightly wounded.
The worm bites you.
You hit the worm. You bite the worm. You drain its power.
You feel invigorated.
The worm is lightly wounded.
The worm bites you but does no damage.
You hit the worm. You bite the worm, but do no damage.
The worm is moderately wounded.
You barely miss the worm. Your bite misses the worm.
The worm is moderately wounded.
The worm bites you.
You are too injured to fight recklessly!
You are too injured to fight recklessly!
You are too injured to fight recklessly!
You are too injured to fight recklessly!
You hit the worm.
The worm is heavily wounded.
You hit the worm.
The worm is heavily wounded.
The worm bites you.
* * * LOW HITPOINT WARNING * * *
You hit the worm. You bite the worm, but do no damage.
The worm is severely wounded.
The worm bites you!
You die...

♣PP.♣.<..........#
♣♣♣...♣............#
##♣.P†.♣♣............#
#....♣♣♣♣............#
#.♣♣.♣♣♣.............#
#.###................###
#.............†..>......
#####...............>...
#....<.....@w.......
#................#.P
########..#...####
#..##....# #..##..#..#
##.#...##.# #.#.#.# ...
#.#†#.# ... #...#.# ..


You could see a worm.

Vanquished Creatures
  An adder (D:2)
  A worm (D:2)
  A dart slug (D:1)
  4 ball pythons (D:1)
  3 endoplasms (D:1)
  3 giant cockroaches (D:1)
  2 goblins (D:1)
  4 hobgoblins
  2 quokkas (D:1)
  2 bats (D:1)
  A frilled lizard (D:1)
  3 kobolds (D:1)
  A rat (D:1)
28 creatures vanquished.

Vanquished Creatures (others)
  8 foxfires (D:1)
8 creatures vanquished.

Grand Total: 36 creatures vanquished

Notes
Turn   | Place    | Note
-------+----------+-------------------------------------------
     0 | D:1      | SnakkuSnakku7 the Vine Stalker Fire Elementalist began the
                  | quest for the Orb.
     0 | D:1      | Reached XP level 1. HP: 9/9 MP: 4/4
   146 | D:1      | Reached skill level 1 in Unarmed Combat
   146 | D:1      | Reached XP level 2. HP: 14/14 MP: 4/6
   180 | D:1      | Reached skill level 1 in Fighting
   506 | D:1      | Reached XP level 3. HP: 10/18 MP: 3/7
   916 | D:2      | Slain by a worm

Illustrated notes

Levels and vault maps discovered:
D:1:      evilmike_arrival_hilbert_curve, layout_basic, serial_curves,
          eino_curves_04, eino_curves_02, serial_bayou_crossing
D:2:      layout_rooms, serial_forest, infiniplex_forest_clump_small,
          infiniplex_forest_straight_3, infiniplex_forest_diagonal,
          infiniplex_forest_lined_room_3, infiniplex_forest_straight_2,
          infiniplex_forest_clump_tiny, infiniplex_forest_corner_2,
          infiniplex_forest_clump_medium

Skill      XL: |  1  2  3 |
---------------+----------+-----
Unarmed Combat | 1 2 |  2.1
Fighting       | 1 |  1.9
Dodging        | |  1.5
Stealth        | |  2.4
Spellcasting   | |  2.1
Conjurations   | |  1.0
Fire Magic     | |  3.0

Action                     || total
---------------------------++-------
  Melee: Unarmed           ||   123
         Bite              ||    34
   Cast: Foxfire           ||     5
   Stab: Sleeping          ||     2
 Armour: Robe              ||    23
  Dodge: Dodged            ||    92
